 Dungeon Crawl Stone Soup version 0.24.0-1-gfbc8707 (webtiles) character file.

Game seed: 8216696734246940855, levelgen mode: deterministic

103626 TheGoonsmith the Brawler (level 15, -2/152 HPs)
             Began as a Troll Monk on Nov 9, 2019.
             Was the Champion of Makhleb.
             Killed from afar by Aizul (28 damage)
             ... with a poison arrow
             ... on level 1 of the Snake Pit.
             The game lasted 00:53:26 (22189 turns).

TheGoonsmith the Brawler (Troll Monk)              Turns: 22189, Time: 00:53:26

Health: -2/152     AC: 28    Str: 26    XL:     15   Next: 89%
Magic:  21/21      EV: 12    Int:  7    God:    Makhleb [******]
Gold:   2446       SH: 12    Dex: 19    Spells: 17/18 levels left

rFire    + . .     SeeInvis .     - Unarmed
rCold    + + .     Gourm    +   v - +0 shield (curse)
rNeg     . . .     Faith    .   O - +2 ice dragon scales
rPois    .         Spirit   .   m - +4 hat of Ucapeigh {Str+2}
rElec    .         Reflect  .   R - +2 cloak of Levity {rF++}
rCorr    .         Harm     .   (gloves unavailable)
MR       +....                  (boots unavailable)
Stlth    ..........             q - amulet of regeneration
HPRegen  1.15/turn              y - +4 ring of dexterity
MPRegen  0.17/turn              l - +3 ring of protection

@: lethally poisoned (-2 -> -5)
A: large, unfitting armour, claws 3, fast metabolism 3, gourmand, regeneration
1, shaggy fur 1, tough skin 3
a: Minor Destruction, Lesser Servant of Makhleb, Major Destruction, Greater
Servant of Makhleb, Renounce Religion


You were on level 1 of the Snake Pit.
You worshipped Makhleb.
Makhleb was exalted by your worship.
You were hungry.

You visited 5 branches of the dungeon, and saw 25 of its levels.
You also visited: Sewer, Bailey, Gauntlet, Ice Cave and Volcano.

You collected 3798 gold pieces.
You spent 1352 gold pieces at shops.

Inventory:

Missiles
 H - 26 large rocks (quivered)
Armour
 m - the +4 hat of Ucapeigh (worn) {Str+2}
   (You found it in a Gauntlet)

   It affects your strength (+2).
 v - a cursed +0 shield (worn)
 O - +2 ice dragon scales (worn)
 R - the +2 cloak of Levity (worn) {rF++}
   (You found it on level 1 of the Lair of Beasts)

   It greatly protects you from fire.
 Y - a +2 hat of magic resistance
Jewellery
 l - a +3 ring of protection (right claw)
 p - a +3 ring of slaying {unknown}
 q - an amulet of regeneration (around neck)
 y - a +4 ring of dexterity (left claw)
 z - an uncursed ring of see invisible
 G - an uncursed ring of protection from fire
 X - an uncursed ring of protection from cold
Wands
 j - a wand of flame (19)
 A - a wand of enslavement (12)
 C - a wand of polymorph (22)
 I - a wand of iceblast (37)
 L - a wand of acid (23)
 P - a wand of disintegration (20)
 U - a wand of digging (11)
 V - a wand of paralysis (9)
Scrolls
 e - 14 scrolls of teleportation
 g - 17 scrolls of remove curse
 h - 3 scrolls of fog
 i - 6 scrolls of blinking
 r - 9 scrolls of identify
 t - a scroll of summoning
 D - 2 scrolls of amnesia
 F - 15 scrolls of fear
 J - a scroll of acquirement {unknown}
 M - 5 scrolls of enchant weapon
 S - a scroll of enchant armour
Potions
 a - a potion of magic
 c - 3 potions of might
 d - 9 potions of curing
 f - 8 potions of agility
 k - 4 potions of heal wounds
 n - 2 potions of berserk rage
 s - 3 potions of resistance
 u - 4 potions of ambrosia
 w - 4 potions of flight
 x - a potion of haste
 B - 6 potions of mutation
 E - a potion of brilliance
 K - a potion of cancellation
 W - 3 potions of degeneration
Miscellaneous
 o - a box of beasts
 N - a lamp of fire
 Z - a phantom mirror
Comestibles
 b - 41 rations


   Skills:
 - Level 10.9 Fighting
 - Level 3.0 Throwing
 - Level 8.3 Armour
 - Level 7.0 Dodging
 - Level 1.0 Stealth
 + Level 7.6 Shields
 - Level 16.7 Unarmed Combat
 - Level 2.0 Spellcasting
 - Level 3.1 Hexes
 - Level 9.7 Invocations


You had 17 spell levels left.
You knew the following spells:

 Your Spells              Type           Power        Failure   Level  Hunger
a - Confusing Touch       Hex            #.....       34%         1    ##.....

Your spell library contained the following spells:

 Spells                   Type           Power        Failure   Level  Hunger
 Corona                   Hex            #......      34%         1    ##.....
 Slow                     Hex            #.......     45%         2    ###....
 Animate Skeleton         Necr           N/A          77%         1    ##.....
 Apportation              Tloc           #.....       77%         1    ##.....
 Sandblast                Erth           #.....       77%         1    ##.....
 Shock                    Conj/Air       #...         77%         1    ##.....
 Sting                    Conj/Pois      #...         77%         1    ##.....
 Summon Butterflies       Summ           #.......     77%         1    ##.....
 Summon Small Mammal      Summ           #...         77%         1    ##.....
 Passwall                 Tmut/Erth      #.......     88%         2    ###....
 Poisonous Vapours        Pois/Air       #.....       88%         2    ###....
 Swiftness                Chrm/Air       #.......     88%         2    ###....
 Inner Flame              Hex/Fire       #.......     89%         3    ####...
 Portal Projectile        Hex/Tloc       #.....       89%         3    ####...
 Call Canine Familiar     Summ           #.......     98%         3    ####...
 Conjure Flame            Conj/Fire      #.......     98%         3    ####...
 Mephitic Cloud           Conj/Pois/Air  #.......     98%         3    ####...
 Static Discharge         Conj/Air       #.......     98%         3    ####...
 Stone Arrow              Conj/Erth      #.....       98%         3    ####...
 Cause Fear               Hex            #.........   98%         4    #####..
 Airstrike                Air            #.........   100%        4    #####..
 Leda's Liquefaction      Hex/Erth       #.........   100%        4    #####..
 Petrify                  Tmut/Erth      #.......     100%        4    #####..
 Summon Ice Beast         Ice/Summ       #.......     100%        4    #####..
 Iskenderun's Battlesphe  Conj/Chrm      #.......     100%        5    ######.
 Lee's Rapid Deconstruct  Erth           #.........   100%        5    ######.
 Lightning Bolt           Conj/Air       #.........   100%        5    ######.
 Summon Mana Viper        Hex/Summ       #.......     100%        5    ######.
 Venom Bolt               Conj/Pois      #.........   100%        5    ######.
 Conjure Ball Lightning   Conj/Air       #.........   100%        6    #######
 Freezing Cloud           Conj/Ice/Air   #.........   100%        6    #######
 Ring of Flames           Chrm/Fire      #.........   100%        7    #######
 Summon Hydra             Summ           #.........   100%        7    #######


Dungeon Overview and Level Annotations

Branches:
Dungeon (15/15)            Temple (1/1) D:6            Lair (6/6) D:10
  Swamp (0/4) Lair:3        Snake (1/4) Lair:2        Slime (0/5) Lair:6
    Orc (2/2) D:10            Elf (0/3) Orc:2        Vaults (0/5) D:13
 Depths (0/5) D:15          Sewer (visited)          Bailey (visited)
  IceCv (visited)         Volcano (visited)         Gauntlet (visited)

Altars:
Ashenzari
Cheibriados
Elyvilon
Fedhas
Gozag
Hepliaklqana
Kikubaaqudgha
Makhleb
Nemelex Xobeh
Ru
Sif Muna
Trog
Uskayaw
Xom
Yredelemnul
Zin

Shops:
D:6 %   D:7 [}(:   D:12 }   Orc:1 (   Orc:2 ?!(?=*

Annotations:
Snake:1 Aizul
Orc:1 3 runed translucent doors, Illumine's ghost, journeyman MiFi
Orc:2 3 runed translucent doors, Duelies's ghost, journeyman GnFi


Innate Abilities, Weirdness & Mutations

You are too large for most types of armour.
You have claws for hands.
Your metabolism is lightning-fast.
You like to eat raw meat.
Your natural rate of healing is unusually fast.
You are covered in fur. (AC +1)
You have extremely tough skin. (AC +3)


Message History

You are poisoned.
You wake up.
* * * LOW HITPOINT WARNING * * *
Unknown command.
You feel better. Aizul hits you but does no damage.
Unknown command.
You mangle Aizul!!
Aizul is moderately wounded.
Aizul closely misses you.
Unknown command.
You mangle Aizul!!
Aizul is heavily wounded.
Aizul hits you but does no damage.
Unknown command.
You barely miss Aizul.
Aizul is heavily wounded.
Aizul coils herself and waves her upper body at you.
The poison arrow hits you!!
You are poisoned.
You die...

#######
.......##########
.................
................
......)......#
............#
............#
..........2##########
..........2S@.......####
....#####......##......#
...# #############..#
### ###....# #......#
########### ##.....##
##.........## ##.....##
###..)#####...##
##.....## #....##
###..###......#


You could see Aizul, a friendly cacodemon and a friendly green death.

Vanquished Creatures
  Gastronok (Lair:3)
  Kirke (D:12)
  A frost giant (IceCv)
  Nessos (D:15)
  A minotaur (Gauntlet)
  An ettin (Orc:2)
  Snorg (Orc:1)
  A death ooze (Gauntlet)
  The ghost of porkupine the Cleaver, a journeyman MiAK of Lugonu (D:11)
  Harold (Orc:1)
  5 hydras
  A naga warrior (Snake:1)
  8 two-headed ogres
  2 centaur warriors (D:15)
  2 ogre magi (Orc:2)
  A naga sharpshooter (Snake:1)
  Urug (D:10)
  2 death yaks (IceCv)
  A tengu warrior (D:13)
  A vampire mage (D:15)
  A shock serpent (Snake:1)
  An orc high priest (Orc:1)
  A hell knight (Volcano)
  2 skeletal warriors (D:15)
  2 unseen horrors
  An unseen horror (shapeshifter) (D:14)
  2 deep trolls (Orc:2)
  A necromancer (D:15)
  An orc knight (D:13)
  Pikel (D:5)
  A fire giant zombie (D:15)
  A sphinx zombie (D:15)
  3 cyclopes
  11 ugly things
  An orc sorcerer (D:13)
  A slime creature (Gauntlet)
  A mana viper (Snake:1)
  11 elephants
  A naga mage (Snake:1)
  An ice statue (IceCv)
  A smoke demon (Volcano)
  An eye of devastation (Gauntlet)
  A centaur zombie (D:11)
  7 black mambas
  20 spiny frogs
  2 molten gargoyles (Volcano)
  A rime drake (IceCv)
  A spriggan zombie (D:15)
  8 komodo dragons
  A spriggan skeleton (D:15)
  3 torpor snails (Lair:2)
  A freezing wraith (D:15)
  A tengu conjurer (D:13)
  20 polar bears
  A meliai (D:11)
  A red devil (Volcano)
  7 trolls
  A queen bee (D:11)
  20 blink frogs
  8 tyrant leeches
  3 hornets
  Prince Ribbit (Lair:2)
  13 hippogriffs
  2 spriggans (shapeshifter) (D:13)
  A redback (shapeshifter) (D:15)
  4 hogs
  4 wraiths
  24 yaks
  A human (D:7)
  2 wyverns
  A golden eye (Gauntlet)
  2 steam dragons
  2 basilisks
  2 fire bats (Volcano)
  3 hungry ghosts
  5 vampire mosquitoes (Lair:6)
  5 wargs
  3 swamp worms
  4 nagas
  Edmund (D:5)
  A soldier ant (shapeshifter) (D:13)
  5 water moccasins
  An acid dragon (D:12)
  Purgy (Sewer)
  3 hell hounds (Volcano)
  31 orc warriors
  5 porcupines
  A floating eye (Gauntlet)
  A slave (D:4)
  2 black bears
  3 phantoms
  A necrophage (D:6)
  3 ice beasts
  2 sky beasts
  22 wolves
  19 ogres
  15 centaurs
  5 crocodiles
  5 big kobolds
  25 bullfrogs
  2 gnoll sergeants
  2 wyvern zombies
  2 wyvern skeletons (D:10)
  4 scorpions
  11 killer bees
  7 wights
  3 electric eels
  A howler monkey (D:5)
  6 lava snakes (Volcano)
  4 bullfrog zombies
  3 crimson imps
  19 jellies
  A quasit (D:6)
  2 hounds
  3 centaur skeletons
  11 orc priests
  26 orc wizards
  A bullfrog skeleton (D:4)
  5 iguanas
  13 worker ants
  Natasha (thrice) (D:2)
  8 hound skeletons
  A howler monkey skeleton (D:8)
  3 worker ant zombies
  21 adders
  9 gnolls
  A river rat (D:6)
  A shadow imp (D:6)
  2 oozes
  2 adder zombies
  2 adder skeletons
  A worm (D:3)
  A dart slug (D:2)
  8 leopard geckos
  86 orcs
  9 bats
  7 giant cockroaches
  9 goblins
  4 hobgoblins
  12 jackals
  3 quokkas
  6 ball pythons
  A ball python skeleton (D:4)
  6 frilled lizards
  33 kobolds
  A quokka skeleton (D:4)
  A quokka zombie (D:6)
  7 rats
793 creatures vanquished.

Vanquished Creatures (collateral kills)
  A naga warrior (Snake:1)
  4 two-headed ogres (Orc:2)
  5 hydras
  2 cyclopes (Orc:2)
  2 spiny frogs (Lair:6)
  3 trolls (Orc:2)
  2 blink frogs (Lair:6)
  A basilisk (Lair:6)
  A vampire mosquito (Lair:6)
  5 ogres (Orc:2)
  2 bullfrogs (Lair:6)
  A fungus (Lair:6)
  A plant (Lair:6)
30 creatures vanquished.

Vanquished Creatures (others)
  A wizard (D:6)
  A human (D:12)
  A wolf (IceCv)
  A scorpion (D:5)
  A gnoll shaman (D:7)
  A hound (D:7)
  A worker ant (D:7)
  A jackal (D:7)
  A kobold (D:12)
  3 fungi
  31 plants
43 creatures vanquished.

Grand Total: 866 creatures vanquished

Notes
Turn   | Place    | Note
-------+----------+-------------------------------------------
     0 | D:1      | TheGoonsmith the Troll Monk began the quest for the Orb.
     0 | D:1      | Reached XP level 1. HP: 22/22 MP: 0/0
     0 | D:1      | Noticed a human
     0 | D:1      | Noticed a vampire
     0 | D:1      | Noticed a vampire
     1 | D:1      | Noticed a minotaur
     5 | D:1      | Noticed a ghoul
     6 | D:1      | Noticed a human
     8 | D:1      | Noticed a felid
    12 | D:1      | Noticed a vine stalker
    13 | D:1      | Noticed a dwarf
    14 | D:1      | Noticed a vampire
    14 | D:1      | Noticed a vine stalker
    16 | D:1      | Noticed a troll
    18 | D:1      | Noticed an ogre
    98 | D:1      | Reached XP level 2. HP: 28/29 MP: 1/1
   454 | D:1      | Reached XP level 3. HP: 36/36 MP: 2/2
   712 | D:2      | Noticed Natasha
   723 | D:2      | Killed Natasha
   723 | D:2      | Reached skill level 4 in Unarmed Combat
   749 | D:2      | Noticed Natasha
   767 | D:2      | Killed Natasha
   767 | D:2      | Reached XP level 4. HP: 29/44 MP: 3/3
   864 | D:2      | Noticed an ogre
   875 | D:2      | Killed an ogre
   875 | D:2      | Reached XP level 5. HP: 37/53 MP: 4/4
  1003 | D:2      | Noticed Natasha
  1017 | D:2      | Killed Natasha
  1162 | D:3      | Reached skill level 5 in Unarmed Combat
  1190 | D:3      | Reached XP level 6. HP: 39/61 MP: 5/5
  2179 | D:4      | Reached skill level 1 in Throwing
  2422 | D:4      | Reached XP level 7. HP: 68/68 MP: 6/6
  2549 | D:5      | Entered Level 5 of the Dungeon
  2654 | D:5      | Reached skill level 6 in Unarmed Combat
  2656 | D:5      | Noticed Edmund
  2672 | D:5      | Killed Edmund
  2845 | D:5      | Noticed Pikel
  2924 | D:5      | Killed Pikel
  2924 | D:5      | Reached skill level 7 in Unarmed Combat
  2924 | D:5      | Reached XP level 8. HP: 45/79 MP: 3/7
  3318 | D:6      | Found Qeajiumony's Food Emporium.
  3364 | D:6      | Reached skill level 8 in Unarmed Combat
  3393 | D:6      | Found a staircase to the Ecumenical Temple.
  3470 | D:6      | Reached skill level 5 in Fighting
  3470 | D:6      | Reached skill level 5 in Dodging
  3695 | D:6      | Found a glowing drain.
  3707 | Sewer    | Entered a sewer
  3873 | Sewer    | Noticed Purgy
  3883 | Sewer    | Killed Purgy
  3883 | Sewer    | Reached XP level 9. HP: 65/87 MP: 3/8
  4222 | D:6      | Found a bloodstained altar of Trog.
  4223 | D:6      | Noticed a wizard
  4228 | D:6      | Killed a wizard
  4394 | Temple   | Entered the Ecumenical Temple
  4427 | Temple   | Became a worshipper of Makhleb the Destroyer
  4427 | Temple   | Reached * piety under Makhleb
  4427 | Temple   | Reached ** piety under Makhleb
  4714 | D:7      | Found Vyomus's Weapon Shoppe.
  4739 | D:7      | Reached skill level 9 in Unarmed Combat
  4821 | D:7      | Reached skill level 10 in Unarmed Combat
  4913 | D:7      | Found Yntoem's Gadget Emporium.
  5016 | D:7      | Found Wisiral's Antique Armour Boutique.
  5019 | D:7      | Bought a runed robe for 107 gold pieces
  5135 | D:7      | Found a shimmering altar of Xom.
  5233 | D:7      | Found Olusah's Book Shoppe.
  5235 | D:7      | Found a hide-covered altar of Uskayaw.
  5235 | D:7      | Noticed a +0 hand axe
  5235 | D:7      | Noticed a +0 dagger
  5524 | D:8      | Reached XP level 10. HP: 89/99 MP: 4/9
  5573 | D:8      | Reached *** piety under Makhleb
  5794 | D:8      | Noticed a two-headed ogre
  5798 | D:8      | Reached skill level 1 in Invocations
  5805 | D:8      | Killed a two-headed ogre
  6020 | D:8      | Reached skill level 11 in Unarmed Combat
  6488 | D:9      | Reached **** piety under Makhleb
  7093 | D:10     | Entered Level 10 of the Dungeon
  7099 | D:10     | Noticed an eight-headed hydra
  7256 | D:10     | Found a staircase to the Orcish Mines.
  7359 | D:10     | Reached skill level 1 in Armour
  7370 | D:10     | Found a staircase to the Lair.
  7417 | D:10     | Reached XP level 11. HP: 68/108 MP: 8/13
  7496 | D:10     | Reached ***** piety under Makhleb
  7646 | D:10     | Noticed Urug
  7660 | D:10     | Killed Urug
  8081 | Lair:1   | Entered Level 1 of the Lair of Beasts
  8183 | Lair:1   | Noticed a five-headed hydra
  8191 | Lair:1   | Killed a five-headed hydra
  8191 | Lair:1   | Reached skill level 12 in Unarmed Combat
  8198 | Lair:1   | Got a polished cloak
  8209 | Lair:1   | Identified the +2 cloak of Levity {rF++} (You found it on
                  | level 1 of the Lair of Beasts)
  8221 | Lair:1   | Noticed a four-headed hydra
  8230 | Lair:1   | Killed a four-headed hydra
  8864 | Lair:2   | Noticed Prince Ribbit
  8873 | Lair:2   | Killed Prince Ribbit
  8970 | Lair:2   | Got a dull robe
  8981 | Lair:2   | Identified the +1 robe of the Mantidfly {rPois Int+3} (You
                  | found it on level 2 of the Lair of Beasts)
  9019 | Lair:2   | Found a staircase to the Snake Pit.
  9226 | Lair:2   | Reached skill level 5 in Invocations
  9250 | Lair:2   | Found a snail-covered altar of Cheibriados.
  9680 | Lair:3   | Noticed a six-headed hydra
  9697 | Lair:2   | Reached skill level 13 in Unarmed Combat
  9721 | Lair:2   | Killed a six-headed hydra
  9721 | Lair:2   | Reached XP level 12. HP: 9/120 MP: 3/15
  9971 | Lair:3   | Found a frozen archway.
  9980 | IceCv    | Entered an ice cave
 10198 | IceCv    | Reached skill level 5 in Armour
 10302 | IceCv    | Noticed a death yak
 10316 | IceCv    | Killed a death yak
 10316 | IceCv    | Reached skill level 14 in Unarmed Combat
 10412 | IceCv    | Noticed a death yak
 10412 | IceCv    | Noticed a frost giant
 10447 | IceCv    | Killed a frost giant
 10451 | IceCv    | Killed a death yak
 10459 | IceCv    | Reached XP level 13. HP: 78/131 MP: 3/17
 10933 | Lair:3   | Noticed Gastronok
 10948 | Lair:3   | Killed Gastronok
 11256 | Lair:3   | Found a staircase to the Swamp.
 11902 | Lair:4   | Reached skill level 15 in Unarmed Combat
 12825 | Lair:5   | Found a dark tunnel.
 12834 | Volcano  | Entered a volcano
 13127 | Volcano  | Found a radiant altar of Vehumet.
 13358 | Lair:5   | Reached ****** piety under Makhleb
 13655 | Lair:5   | You fall into a shaft and drop 1 floor!
 13655 | Lair:6   | Entered Level 6 of the Lair of Beasts
 13780 | Lair:6   | Found a staircase to the Slime Pits.
 13784 | Lair:6   | Reached skill level 10 in Fighting
 13859 | Lair:6   | Reached XP level 14. HP: 143/143 MP: 16/19
 14715 | Lair:6   | Reached skill level 16 in Unarmed Combat
 15225 | Orc:1    | Entered Level 1 of the Orcish Mines
 15312 | Orc:1    | Noticed Harold
 15322 | Orc:1    | Killed Harold
 15523 | Orc:1    | Found Buemeic's Weapon Emporium.
 15560 | Orc:1    | Noticed Snorg
 15573 | Orc:1    | Killed Snorg
 15659 | Orc:1    | Found a runed translucent gate.
 15660 | Orc:1    | Found a runed translucent gate.
 15661 | Orc:1    | Found a runed translucent gate.
 15679 | Orc:1    | Noticed Illumine's ghost (journeyman MiFi)
 15717 | Orc:1    | You fall into a shaft and drop 1 floor!
 15717 | Orc:2    | Entered Level 2 of the Orcish Mines
 15717 | Orc:2    | Found a staircase to the Elven Halls.
 15863 | Orc:2    | Found Loulihu's Magic Scroll Shoppe.
 15933 | Orc:2    | Found a runed translucent gate.
 15933 | Orc:2    | Found a runed translucent gate.
 15933 | Orc:2    | Found a runed translucent gate.
 15936 | Orc:2    | Found an opulent altar of Gozag.
 15939 | Orc:2    | Noticed Duelies's ghost (journeyman GnFi)
 15941 | Orc:2    | Found Oxalylib's Assorted Antiques.
 16312 | Orc:2    | Found Ohennik's Distillery.
 16528 | Orc:2    | Found Jadiceqe's Magic Scroll Boutique.
 16533 | Orc:2    | Found Urhymog's Jewellery Shoppe.
 16700 | Orc:2    | Found Reunozu's Weapon Boutique.
 16709 | Orc:2    | Bought 5 large rocks for 49 gold pieces
 16758 | Orc:2    | Bought a scroll of identify for 22 gold pieces
 16758 | Orc:2    | Bought a scroll of teleportation for 33 gold pieces
 16758 | Orc:2    | Bought a scroll of blinking for 82 gold pieces
 16796 | Orc:2    | Bought a scroll of teleportation for 45 gold pieces
 16796 | Orc:2    | Bought a scroll of teleportation for 45 gold pieces
 16796 | Orc:2    | Bought a scroll of fear for 52 gold pieces
 16796 | Orc:2    | Bought a scroll of identify for 30 gold pieces
 16796 | Orc:2    | Bought a scroll of identify for 30 gold pieces
 16796 | Orc:2    | Bought a scroll of teleportation for 45 gold pieces
 16796 | Orc:2    | Bought a scroll of identify for 30 gold pieces
 16796 | Orc:2    | Bought a scroll of fear for 52 gold pieces
 16796 | Orc:2    | Bought a scroll of identify for 30 gold pieces
 16835 | Orc:2    | Bought a potion of curing for 30 gold pieces
 16835 | Orc:2    | Bought a potion of might for 40 gold pieces
 16835 | Orc:2    | Bought a potion of curing for 30 gold pieces
 16835 | Orc:2    | Bought a potion of heal wounds for 50 gold pieces
 16835 | Orc:2    | Bought a potion of curing for 30 gold pieces
 16835 | Orc:2    | Bought 2 potions of curing for 60 gold pieces
 16835 | Orc:2    | Bought 2 potions of agility for 80 gold pieces
 16835 | Orc:2    | Bought a potion of cancellation for 80 gold pieces
 16992 | D:11     | Learned a level 1 spell: Confusing Touch
 17363 | D:11     | Found a transporter.
 17371 | D:11     | Found a transporter.
 17399 | D:11     | Reached skill level 1 in Hexes
 17477 | D:11     | Noticed porkupine's ghost (journeyman MiAK)
 17688 | D:11     | Killed porkupine's ghost
 17960 | D:12     | Noticed Kirke
 17971 | D:12     | Killed Kirke
 17971 | D:12     | Reached XP level 15. HP: 152/152 MP: 21/21
 18080 | D:12     | Found a gate leading to a gauntlet.
 18100 | Gauntlet | Entered a Gauntlet
 18100 | Gauntlet | Found a transporter.
 18100 | Gauntlet | Found a transporter.
 18101 | Gauntlet | Found a transporter.
 18101 | Gauntlet | Found a transporter.
 18104 | Gauntlet | Found a transporter.
 18104 | Gauntlet | Found a transporter.
 18114 | Gauntlet | Found a transporter.
 18118 | Gauntlet | Found a transporter.
 18121 | Gauntlet | Found a transporter.
 18121 | Gauntlet | Found a transporter.
 18138 | Gauntlet | Found a transporter.
 18244 | Gauntlet | Reached skill level 1 in Spellcasting
 18302 | Gauntlet | Got a slimy hat
 18307 | Gauntlet | Identified the +4 hat of Ucapeigh {Str+2} (You found it in
                  | a Gauntlet)
 18323 | Gauntlet | Found a transporter.
 18388 | Gauntlet | Got a crude golden amulet
 18392 | Gauntlet | Identified the amulet "Zigeikk" {Inacc rF+ Str+2} (You
                  | found it in a Gauntlet)
 18565 | Gauntlet | Identified Ygykulao's Collected Works on Harmful Protection
 18743 | D:12     | Found Xoicumif's Gadget Shoppe.
 18764 | D:12     | Bought a box of beasts for 300 gold pieces
 19200 | D:13     | Paralysed by an orc sorcerer for 5 turns
 19262 | D:13     | Found a flagged portal.
 19291 | Bailey   | Entered a bailey
 19585 | D:13     | Found a gate to the Vaults.
 20018 | D:14     | Reached skill level 1 in Shields
 20567 | D:15     | Entered Level 15 of the Dungeon
 20693 | D:15     | Reached skill level 5 in Shields
 20740 | D:15     | Found a staircase to the Depths.
 20783 | D:15     | Noticed Nessos
 20807 | D:15     | Killed Nessos
 21926 | Snake:1  | Entered Level 1 of the Snake Pit
 22169 | Snake:1  | Noticed Aizul
 22189 | Snake:1  | Killed from afar by Aizul

Levels and vault maps discovered:
D:1:      shiori_arrival_whats_in_store_for_you, layout_rooms,
          minmay_misc_feat_ornament
D:2:      wander_river, layout_loops_cross, first_ration, eino_curves_01,
          uniq_natasha
D:3:      layout_loops_cross, serial_glass, glass_columns_b, glass_columns_b,
          grunt_decor_cap
D:4:      layout_gridville, serial_forest, infiniplex_forest_clump_medium,
          infiniplex_forest_lined_2, infiniplex_forest_clump_cross,
          infiniplex_forest_clump_curved, infiniplex_forest_clump_medium,
          infiniplex_forest_clump_cross, infiniplex_forest_lined_2,
          infiniplex_forest_lined_4_way, infiniplex_forest_clump_tiny
D:5:      layout_rooms, uniq_edmund, uniq_pikel
D:6:      layout_loops_corners, minmay_temple_entry_statues_pillars,
          serial_shops, nicolae_shop_window_shopping, portal_sewer_entry_e,
          trog_wizard
D:7:      layout_loops_ring, dancing_weapons_uskayaw, serial_shops,
          kennysheep_mini, nicolae_shop_stone, shop_fountains, shop,
          grunt_livestock, xom_confusion_cloud
D:8:      cheibrodos_barr_body, layout_cave_pods, minmay_tree_intersection,
          skrybe_limestone_x
D:9:      layout_long_grid, grunt_ministairs_4
D:10:     layout_basic, erik_lair_orcish_takeover, orc_0_dummy, uniq_urug
D:11:     layout_basic, gammafunk_ghost_hive, minivault_22
D:12:     layout_stronghold, serial_shops, shop, gauntlet_entry_generic,
          hangedman_decor_push, uniq_kirke
D:13:     layout_roguey, david_vaults_2, enter_bailey_2
D:14:     layout_roguey
D:15:     gammafunk_depths_entry_grave, layout_layer_cave, nicolae_water_bricks,
          uniq_nessos
Temple:   regret_index_temple_sigil_plot
Lair:1:   layout_chaotic_city
Lair:2:   layout_regular_city, guppyfry_snake_entry_island,
          kennysheep_snail_temple, infiniplex_staircase_pool_2,
          uniq_prince_ribbit2
Lair:3:   cheibrodos_lair_river_kwai, layout_misc_corridors,
          minmay_swamp_entry_worms, portal_ice_cave_entry_pillars_1,
          uniq_gastronok
Lair:4:   layout_cave_pods
Lair:5:   layout_cave_pods, enter_volcano_1
Lair:6:   minmay_lair_end_frog_pond, layout_gridlike,
          minmay_slime_entry_jelly_boxes
Snake:1:  layout_onion, uniq_josephine, uniq_aizul
Orc:1:    layout_diamond_mine, ebering_ghost_rock_garden, serial_shops,
          nicolae_shop_waterfront, uniq_snorg, uniq_harold
Orc:2:    st_orc_open, layout_diamond_mine, ebering_ghost_gozag, serial_shops,
          shop_scrolls

Skill      XL: |  1  2  3  4  5  6  7  8  9 10 11 12 13 14 15 |
---------------+----------------------------------------------+-----
Unarmed Combat | 4 5 7 8 10 11 13 14 15 16 | 16.7
Dodging        | 3 4 5 6 7 |  7.0
Fighting       | 3 4 5 6 7 8 9 10 | 10.9
Throwing       | 1 2 3 |  3.0
Invocations    | 4 5 7 8 9 |  9.7
Armour         | 1 3 5 7 8 |  8.3
Hexes          | 3 |  3.1
Spellcasting   | 2 |  2.0
Shields        | 7 |  7.6
Stealth        | |  1.0

Action                   |  1- 3 |  4- 6 |  7- 9 | 10-12 | 13-15 || total
-------------------------+-------+-------+-------+-------+-------++-------
Melee: Unarmed           |    80 |   172 |   330 |   611 |  1364 ||  2557
       Punch             |     2 |     5 |    14 |    55 |   107 ||   183
Throw: Dart              |       |       |       |     4 |       ||     4
       Large rock        |       |       |       |    11 |     7 ||    18
 Cast: Confusing Touch   |       |       |       |       |     4 ||     4
Invok: Minor Destruction |       |       |       |    51 |     4 ||    55
       Lesser Servant of |       |       |       |     3 |     8 ||    11
       Major Destruction |       |       |       |     2 |    23 ||    25
       Greater Servant o |       |       |       |       |     5 ||     5
Evoke: Wand              |       |       |       |     1 |     7 ||     8
  Use: Scroll            |       |       |    15 |    12 |    14 ||    41
       Potion            |       |       |       |     1 |     2 ||     3
 Stab: Sleeping          |       |       |     3 |     1 |       ||     4
       Distracted        |       |       |       |       |     1 ||     1
       Confused          |       |       |       |       |     2 ||     2
  Eat: Chunk             |    11 |    16 |    28 |    49 |    83 ||   187
       Ration            |       |       |       |       |     5 ||     5
Armor: Robe              |    42 |    57 |    79 |    65 |       ||   243
       Troll leather arm |       |       |    22 |       |       ||    22
       Ice dragon scales |       |       |       |   296 |   801 ||  1097
Dodge: Dodged            |    56 |    92 |   182 |   414 |   722 ||  1466
Block: Shield            |       |       |       |       |   118 ||   118
